AoeStats
← PepePompinn4300

Arabia

506380071Analyzed
1v1 RM · 19d ago on Sep 13, 2026· 32m 58s· 2 players
Game mode
Random Map
Map size
Tiny (2 player)
Population
200
Speed
Normal
Resources
Standard
Victory
Conquest
Starting age
Dark Age
Ending age
Imperial Age
RankedLock teamsTeams togetherTeam positionsShared explorationLock speedFull tech treeHidden civsTurbo modeCheats
Victory
Defeat
🇦🇷 Berbers · Argentina
1492
+33
🇩🇪 Slavs · Germany
1528
-18
PepePompinn4300
6:36 Loom
8:56 Feudal Age
18:17 Fletching
22:43 Double-Bit Axe
25:12 Wheelbarrow
24:50 Scale Mail Armor
25:53 Horse Collar
26:35 Padded Archer Armor
31:26 Castle Age
30:29 Scale Barding Armor
31:12 Bloodlines
31:46 Crossbowman
32:32 Bodkin Arrow
32:47 Bow Saw
Knastfighter
6:27 Loom
9:10 Feudal Age
9:55 Double-Bit Axe
14:57 Town Watch
17:04 Bloodlines
22:03 Wheelbarrow
25:09 Castle Age
23:24 Gold Mining
23:40 Horse Collar
28:03 Fletching
28:19 Scale Barding Armor
28:33 Padded Archer Armor
29:56 Husbandry
31:17 Bodkin Arrow
Connection lost

Rejoining the realm…

Still unreachable

The connection could not be restored.

Session expired

The server has moved on; the page needs a fresh start.